 Dungeon Crawl Stone Soup version 0.27-a0-1123-g2f9bb313c0 (webtiles) character file.

Game seed: 2213071255319778232

119 wakim the Cudgeller (level 4, -3/40 HPs)
             Began as a Minotaur Berserker on May 3, 2021.
             Was a Priest of Trog.
             Splashed by Ijyb's acid (11 damage)
             ... on level 3 of the Dungeon.
             The game lasted 00:07:09 (2919 turns).

wakim the Cudgeller (Minotaur Berserker)            Turns: 2919, Time: 00:07:09

Health: -3/40      AC:  8    Str: 21    XL:     4   Next: 73%
Magic:  3/3        EV:  7    Int:  5    God:    Trog [***...]
Gold:   167        SH:  3    Dex: 10    Spells: 3/3 levels left

rFire    . . .     SeeInvis .   a - +0 mace
rCold    . . .     Faith    .   i - +0 buckler
rNeg     . . .     Spirit   .   c - +0 chain mail
rPois    .         Reflect  .   (helmet restricted)
rElec    .         Harm     .   d - scarf {shadows}
rCorr    .         Rampage  .   b - +2 pair of gloves
Will     .....                  (no boots)
Stlth    ..........             (no amulet)
HPRegen  0.13/turn              (no ring)
MPRegen  0.08/turn              (no ring)

@: corroded
A: horns 2, retaliatory headbutt
a: Renounce Religion, Berserk, Trog's Hand


You were on level 3 of the Dungeon.
You worshipped Trog.
Trog was most pleased with you.
You visited 1 branch of the dungeon, and saw 3 of its levels.
You also visited: Sewer.

You collected 167 gold pieces.

Inventory:

Hand Weapons
 a - a +0 mace (weapon)
Armour
 b - a +2 pair of gloves (worn)
 c - a +0 chain mail (worn)
 d - a scarf of shadows (worn)
 i - a +0 buckler (worn)
Jewellery
 g - a +6 ring of strength
Scrolls
 j - a scroll of noise {unknown}
 r - 4 scrolls of identify
 T - 2 scrolls of teleportation
Potions
 e - a potion of curing {unknown}
 f - a potion of invisibility {unknown}
 h - 2 potions of flight {unknown}


   Skills:
 + Level 4.2 Fighting
 * Level 4.9 Maces & Flails
 * Level 3.9 Armour
 + Level 3.0 Dodging
 * Level 0.0 Shields


You had 3 spell levels left.
You didn't know any spells.
Your spell library was empty.

Dungeon Overview and Level Annotations

Branches:
Dungeon (3/15)              Sewer (visited)

Altars:

Annotations:
D:3 Ijyb


Innate Abilities, Weirdness & Mutations

You have a pair of horns on your head.
You reflexively headbutt those who attack you in melee.


Message History

Your chain mail prevents you from hitting the worm.
The worm is severely wounded.
The worm barely misses you. You furiously retaliate!
You headbutt the worm!
You kill the worm!
Trog accepts your kill.
No target in view!
You open the large door.
There is a large open door here.
i - a +0 buckler
j - a scroll labelled OLOZAA IGOUR
r - 2 scrolls of identify (gained 1)
r - 3 scrolls of identify (gained 1)
You start putting on your armour.
You continue putting on your +0 buckler. x4
You finish putting on your +0 buckler.
Partly explored, can't reach some places.
There is a large open door here.
There is a gate leading back out of this place here.
Welcome back to the Dungeon!
There is a collapsed entrance here.
You enter the shallow water.
Moving in this stuff is going to be slow.
You see here an adder skeleton.
r - 4 scrolls of identify (gained 1) Ijyb the Twisted Goblin comes into view.
She is wielding a +0 dagger and carrying a wand of acid (9).
Ijyb shouts!
You barely miss Ijyb.
Ijyb screams, "Level is mine!
All mine!"
Ijyb hits you but does no damage.
You hit Ijyb but do no damage. Ijyb hits you but does no damage.
Ijyb zaps a wand.
The bolt of acid hits you!
You are splashed with acid!
* * * LOW HITPOINT WARNING * * *
You hit Ijyb. Your headbutt misses Ijyb.
Ijyb is lightly wounded.
Ijyb zaps a wand.
The bolt of acid hits you.
* * * LOW HITPOINT WARNING * * *
The acid corrodes you!
You are splashed with acid!
You die...

###.#
#..........#.#
....# #..........#
.##.###......>...#
..........######.#
≈≈≈≈≈≈≈...# #.#
≈≈≈≈≈≈≈...# #.#
.####≈≈...# #.#
8#.g#≈≈...# #.#
##g8#≈≈.### #@#
...#≈≈.# #.g..#
#....# #....#
#....# #....#
#....#


You could see Ijyb.

Vanquished Creatures
  2 adders
  A shadow imp (D:3)
  6 worms
  A dart slug (D:2)
  An orc (D:3)
  4 ball pythons
  10 endoplasms
  8 giant cockroaches
  3 hobgoblins (D:1)
  4 jackals (Sewer)
  5 quokkas
  13 bats
  A frilled lizard (D:3)
  2 goblins
  3 kobolds
  2 rats (D:2)
66 creatures vanquished.

Vanquished Creatures (others)
  6 plants (D:3)
6 creatures vanquished.

Grand Total: 72 creatures vanquished

Notes
Turn   | Place    | Note
-------+----------+-------------------------------------------
     0 | D:1      | wakim the Minotaur Berserker began the quest for the Orb.
     0 | D:1      | Reached XP level 1. HP: 19/19 MP: 0/0
   319 | D:1      | Reached XP level 2. HP: 27/27 MP: 1/1
  1023 | D:2      | Reached XP level 3. HP: 33/33 MP: 2/2
  1037 | D:2      | Reached ** piety under Trog
  1788 | D:3      | Reached XP level 4. HP: 39/40 MP: 3/3
  2069 | D:3      | Found a glowing drain.
  2077 | Sewer    | Entered a sewer
  2298 | Sewer    | Reached *** piety under Trog
  2914 | D:3      | Noticed Ijyb
  2919 | D:3      | Splashed by Ijyb's acid

Illustrated notes

Levels and vault maps discovered:
D:1:      minmay_arrival_up_and_down, layout_loops_cross
D:2:      layout_basic
D:3:      layout_basic, hellmonk_ecumenical_altar_blasted, portal_sewer_entry_d,
          gammafunk_ghost_gnarly_gnolls, uniq_natasha, uniq_ijyb

Skill      XL: |  1  2  3  4 |
---------------+-------------+-----
Maces & Flails | 4 |  4.9
Armour         | 3 |  3.9
Fighting       | 4 |  4.2
Dodging        | 3 |  3.0

Action                   |  1- 3 |  4- 6 || total
-------------------------+-------+-------++-------
Melee: Mace              |    84 |    80 ||   164
       Headbutt          |    17 |    10 ||    27
  Use: Scroll            |     3 |     1 ||     4
Armor: Chain mail        |    48 |    76 ||   124
       Animal skin       |     2 |       ||     2
Dodge: Dodged            |    41 |    45 ||    86

Table legend: (Time is in decaauts)
 A = Elapsed time spent in this place.
 B = Non-inter-level travel time spent in this place.
 C = Inter-level travel time spent in this place.
 D = Time resting spent in this place.
 E = Time spent auto-exploring this place.
 F = Levels seen in this place.
 G = Mean time per level.
                   A        B        C        D        E       F      G
               +--------+--------+--------+--------+--------+-----+--------+
         Total |   3100 |   3006 |     94 |      0 |   2337 |   4 |  775.0 |
       Dungeon |   2145 |   2051 |     94 |      0 |   1612 |   3 |  715.0 |
         Sewer |    955 |    955 |      0 |      0 |    724 |   1 |  955.0 |
               +--------+--------+--------+--------+--------+-----+--------+

Top non-repeatable levels by time:
   Sewer: 955 daAuts
     D:2: 951 daAuts
     D:1: 799 daAuts
     D:3: 394 daAuts
